 Dungeon Crawl Stone Soup version 0.32-a0-666-ge8a88695a4 (webtiles) character file.

Game seed: 15700900003545861301

129 cforsyth the Grave Robber (level 4, -1/38 HPs)
             Began as a Mountain Dwarf Necromancer on Mar 9, 2024.
             Incinerated by a bombardier beetle (4 damage)
             ... with a burning spray
             ... on level 3 of the Dungeon.
             The game lasted 00:04:53 (2127 turns).

cforsyth the Grave Robber (MDNe)                    Turns: 2127, Time: 00:04:54

Health: -1/38      AC:  8    Str: 24    XL:     4   Next: 88%
Magic:  2/6        EV:  8    Int: 16    God:
Gold:   96         SH:  0    Dex: 10    Spells: 5/6 levels left

rFire   . . .        j - +0 rapier
rCold   . . .        (no shield)
rNeg    . . .        n - +0 chain mail
rPois   .            (no helmet)
rElec   .            (no cloak)
rCorr   .            (no gloves)
SInv    .            (no boots)
Will    .....        (no amulet) Stlth
                     S - +6 ring of strength
HPRegen 0.26/turn    s - +6 ring of strength
MPRegen 0.10/turn

%: no passive effects
@: on fire, hasted, glowing, very quick
A: runic magic, artefact enchanting
a: no special abilities


You were on level 3 of the Dungeon.
You visited 1 branch of the dungeon, and saw 3 of its levels.

You collected 96 gold pieces.


Innate Abilities, Weirdness & Mutations

Your spellcasting is much less encumbered by armour.
You can use scrolls of enchantment on lesser artefacts.


   Skills:
 + Level 3.4 Fighting
 - Level 1.3 Dodging
 - Level 1.4 Stealth
 - Level 1.7 Spellcasting
 + Level 5.7 Necromancy


You had 5 spell levels left.
You knew the following spells:

 Your Spells              Type           Power      Damage    Failure   Level
X - Necrotise             Necr           76%        1d7       3%          1

Your spell library contained the following spells:

 Spells                   Type           Power      Damage    Failure   Level
 Sublimation of Blood     Necr           19%        N/A       4%          2
 Vampiric Draining        Necr           19%        2d7       10%         3
 Animate Dead             Necr           19%        N/A       30%         4
 Magic Dart               Conj           4%         1d3       32%         1
 Call Imp                 Summ           2%         N/A       45%         2
 Lesser Beckoning         Tloc           2%         N/A       45%         2
 Searing Ray              Conj           2%         2d4       45%         2
 Curse of Agony           Necr           19%        N/A       65%         5
 Gell's Gravitas          Tloc           1%         N/A       69%         3
 Summon Ice Beast         Ice/Summ       1%         N/A       69%         3
 Teleport Other           Tloc           1%         N/A       69%         3
 Fulminant Prism          Conj/Alch      0%         3d5       97%         4
 Summon Mana Viper        Hex/Summ       1%         N/A       100%        5
 Monstrous Menagerie      Summ           0%         N/A       100%        7
 Summon Hydra             Summ           0%         N/A       100%        7

Inventory:

Hand Weapons
 j - a +0 rapier (weapon)
Armour
 n - a +0 chain mail (worn)
Jewellery
 s - a +6 ring of strength (right hand)
 L - a ring of flight
 S - a +6 ring of strength (left hand)
Wands
 f - a wand of roots (8)
Scrolls
 a - a scroll of brand weapon {unknown}
 c - a scroll of amnesia {unknown}
 d - 3 scrolls of identify {unknown}
 e - a scroll of noise {unknown}
 i - a scroll of revelation {unknown}
 m - a scroll of acquirement {unknown}
Potions
 b - a potion of magic
 g - a potion of mutation {unknown}
 k - a potion of enlightenment {unknown}

Dungeon Overview and Level Annotations

Branches:
Dungeon (3/15)

Altars:

Shops:
D:1

! .!.. ....
... ..# ....
####.# ....
+...†# ...#
#.####...##
#..........
#@#........
##'#...)....
#...........
#...........
#...........
#...........
##<#........
###........
#........


There were no monsters in sight!


Message History

The bombardier beetle is almost dead.
The liquid fire burns you! The bombardier beetle bites you.
You hit the bombardier beetle but do no damage.
The bombardier beetle is almost dead.
The liquid fire burns you!
* * * LOW HITPOINT WARNING * * *
The bombardier beetle sprays incendiary fluid at you.
The burning spray hits you.
You are even more covered in liquid fire!
Unknown command.
Casting: Necrotise (safe; 3% risk of failure)
Confirm with . or Enter, or press ? or * to list all spells.
Aiming: Necrotise (safe; 3% risk of failure)
Press: ? - help, Shift-Dir - straight line, f/p - bombardier beetle
Aim: a bombardier beetle (almost dead, chance to affect: 78%)
The bombardier beetle writhes in agony.
You kill the bombardier beetle!
The liquid fire burns you!
* * * LOW HITPOINT WARNING * * *
Unknown command.
You shake off some of the fire as you move.
The liquid fire burns you!
* * * LOW HITPOINT WARNING * * *
You shake off some of the fire as you move.
The liquid fire burns you!
* * * LOW HITPOINT WARNING * * *
It was a potion of haste.
You feel yourself speed up. The liquid fire burns you!
You die...

Skill      XL: |  1  2  3  4 |
---------------+-------------+-----
Fighting       | 1 2 3 |  3.4
Necromancy     | 5 |  5.7
Dodging        | |  1.3
Stealth        | |  1.4
Spellcasting   | |  1.7

Action                     |  1- 3 |  4- 6 || total
---------------------------+-------+-------++-------
  Melee: Unarmed           |    26 |       ||    26
         Rapier            |     3 |     9 ||    12
   Cast: Necrotise         |    50 |    30 ||    80
    Use: Potion            |       |     1 ||     1
 Armour: Robe              |    30 |       ||    30
         Skin              |     1 |       ||     1
         Scale mail        |     2 |     3 ||     5
         Chain mail        |       |     6 ||     6
  Dodge: Dodged            |    25 |     6 ||    31

Levels and vault maps discovered:
D:1:      kilobyte_arrival_exit_the_forest, layout_loops_ring, serial_shops,
          nicolae_shop_industrial_runoff, hex_large
D:2:      layout_basic, grunt_decor_fettered
D:3:      layout_basic, mainiacjoe_overflow_six_doors_small,
          kennysheep_orc_chapel

Notes
Turn   | Place    | Note
-------+----------+-------------------------------------------
     0 | D:1      | cforsyth the Mountain Dwarf Necromancer began the quest for
                  | the Orb.
     0 | D:1      | Reached XP level 1. HP: 14/14 MP: 3/3
   253 | D:1      | Reached skill level 1 in Fighting
   281 | D:1      | Reached XP level 2. HP: 23/23 MP: 2/4
   714 | D:1      | Reached skill level 2 in Fighting
   741 | D:1      | Found Tinen's Distillery.
   780 | D:1      | Reached skill level 5 in Necromancy
   780 | D:1      | Reached XP level 3. HP: 29/29 MP: 2/5
  1480 | D:2      | Reached XP level 4. HP: 37/37 MP: 4/6
  1593 | D:2      | Reached skill level 3 in Fighting
  2126 | D:3      | HP: 3/38 [burnt (4)]
  2127 | D:3      | Incinerated by a bombardier beetle

Vanquished Creatures
  A bombardier beetle (D:3)
  A hound (D:2)
  An adder (D:2)
  A dart slug (D:1)
  A ribbon worm (D:2)
  3 ball pythons
  4 bats
  4 endoplasms
  3 giant cockroaches (D:1)
  8 goblins
  7 hobgoblins
  A quokka (D:1)
  7 frilled lizards
  3 kobolds
  A rat (D:2)
46 creatures vanquished.

Vanquished Creatures (collateral kills)
  A dart slug (D:2)
  A bat (D:1)
  A kobold (D:2)
3 creatures vanquished.

Grand Total: 49 creatures vanquished

Table legend: (Time is in decaauts)
 A = Elapsed time spent in this place.
 B = Non-inter-level travel time spent in this place.
 C = Inter-level travel time spent in this place.
 D = Time resting spent in this place.
 E = Time spent auto-exploring this place.
 F = Levels seen in this place.
 G = Mean time per level.
                   A        B        C        D        E       F      G
               +--------+--------+--------+--------+--------+-----+--------+
         Total |   2136 |   2044 |     92 |      0 |   1688 |   3 |  712.0 |
       Dungeon |   2136 |   2044 |     92 |      0 |   1688 |   3 |  712.0 |
               +--------+--------+--------+--------+--------+-----+--------+

Top non-repeatable levels by time:
     D:1: 1174 daAuts
     D:2: 894 daAuts
     D:3: 67 daAuts

Table legend:
 A = Non-vault XP
 B = Vault XP
 C = Vault XP percentage of total XP
 D = Non-vault monster count
 E = Vault monster count
 F = Vault count percentage of total count
                 A         B        C        D         E       F
            +---------+---------+-------+---------+---------+-------
      Total |     185 |       0 |   0.0 |      49 |       0 |   0.0
            +---------+---------+-------+---------+---------+-------
        D:1 |      45 |       0 |   0.0 |      25 |       0 |   0.0
        D:2 |      87 |       0 |   0.0 |      20 |       0 |   0.0
        D:3 |      53 |       0 |   0.0 |       4 |       0 |   0.0
            +---------+---------+-------+---------+---------+-------
